 Dungeon Sprint DCSS version 0.30-a0-802-gb92711bcdf (webtiles) character file.

Game seed: 161695580376355154

2700000 BigDaddyOpFi the Acrobat (level 19, -75/158 HPs)
             Began as a Djinni Warper on Feb 24, 2023.
             Was the Champion of Makhleb.
             Annihilated by a large bag of meat
             ... wielding a +9 giant spiked club
              (116 damage)
             ... in the Dungeon (Sprint VIII: "Arena of Blood").
             The game lasted 00:00:29 (27 turns).

BigDaddyOpFi the Acrobat (Djinni Warper)              Turns: 27, Time: 00:00:30

Health: -75/158    AC:  5    Str: 10    XL:     19   Next: 29%
Gold:   0          EV: 29    Int: 15    God:    Makhleb [******] SH:  0 Dex: 21

rFire   + + .      SeeInvis .    h - +∞ Axe of Woe
rCold   x . .      Faith    .    (shield currently unavailable)
rNeg    . . .      Spirit   .    a - +0 leather armour
rPois   ∞          Reflect  .    (no helmet)
rElec   .          Harm     .    (no cloak)
rCorr   .          Rampage  .    (no gloves)
Will    +....      NoTele   +    (boots unavailable)
Stlth   +++++++                  (no amulet)
HPRegen 0.46/turn                (no ring)
MPRegen 0.00/turn                (no ring)

@: flying
A: sickness immunity, fire resistance 2, cold vulnerability 1, float, innate
caster, HP casting, extra vitality 1
a: Renounce Religion, Minor Destruction, Lesser Servant of Makhleb, Major
Destruction, Greater Servant of Makhleb


You were in the Dungeon.
You worshipped Makhleb.
Makhleb was exalted by your worship.
You visited 1 branch

Inventory:

Hand Weapons
 h - the +∞ Axe of Woe (weapon)
   (You found it in the Dungeon)
Missiles
 c - 7 boomerangs of dispersal (quivered)
Armour
 a - a +0 leather armour (worn)
Scrolls
 b - 2 scrolls of blinking
Potions
 d - a potion of curing
 e - a potion of heal wounds
 f - a potion of haste
 g - a potion of berserk rage


   Skills:
 + Level 21.1 Fighting
 + Level 17.9 Axes
 + Level 17.9 Throwing
 + Level 21.0 Armour
 + Level 22.8 Dodging
 + Level 19.4 Stealth
 + Level 21.1 Unarmed Combat
 + Level 16.8 Spellcasting
 + Level 21.0 Invocations


You knew the following spells:

 Your Spells              Type           Power      Damage    Failure   Level
a - Blink                 Tloc           100%       N/A       0%          2
b - Lesser Beckoning      Tloc           100%       N/A       0%          2
c - Vhi's Electric Charg  Tloc/Air       100%       N/A       0%          3
d - Teleport Other        Tloc           58%        N/A       0%          3
e - Manifold Assault      Tloc           58%        N/A       1%          4
f - Kiss of Death         Conj/Necr      100%       2d13      0%          1
g - Passwall              Tmut/Erth      48%        N/A       0%          2
h - Inner Flame           Hex/Fire       58%        N/A       0%          3
i - Passage of Golubria   Tloc           58%        N/A       1%          4
j - Iskenderun's Mystic   Conj/Tloc      58%        2d12      1%          4
k - Metabolic Englaciati  Hex/Ice        29%        N/A       1%          5
l - Conjure Ball Lightni  Conj/Air       29%        3x3d8     1%          6
m - Dragon Form           Tmut           29%        N/A       4%          7
n - Starburst             Conj/Fire      29%        6d9       1%          6
Your spell library was empty.

Dungeon Overview and Level Annotations

Branches:
Dungeon (1/1)

Altars:
Makhleb


Innate Abilities, Weirdness & Mutations

You are immune to sickness and miasma.
You are immune to poison.
Your flesh is very heat resistant. (rF++)
You are vulnerable to cold. (rC-)
You float through the air rather than walking.
You learn spells naturally, not from books.
Your magical power is your life essence.
You have superior vitality. (+4 MHP)


Message History

Your Invocations skill increases to level 20!
You have reached level 19!
The power to cast Starburst wells up from within.
Spell assigned to 'n'.
You slash the bag of meat!
You butcher the bag of meat messily.
You kill the bag of meat!
Makhleb accepts your kill.
You feel better.
You are engulfed in blazing flames.
You resist.
You hear a shout! x5
A meat berserker comes into view. It is wielding a +9 battleaxe.
You hear a shout!
The destroyer is engulfed in blazing flames.
You hear a shout! x3
Your Fighting skill increases to level 21!
Your Armour skill increases to level 21!
Your Unarmed Combat skill increases to level 21!
Your Invocations skill increases to level 21!
Unknown command.
A bag of meat comes into view. It is wielding a +9 war axe.
You are engulfed in blazing flames.
You resist.
You hear a shout! x4
A bag of meat comes into view. It is wielding a +9 war axe.
You hear a shout!
The bag of meat is engulfed in blazing flames.
You hear a shout!
The large bag of meat is engulfed in blazing flames.
The large bag of meat hits you with a +9 giant spiked club!!! x2
* * * LOW HITPOINT WARNING * * *
You hear a shout!
The destroyer gestures at you while chanting.
The destroyer blinks!
You hear a shout!
The meat berserker rages.
A meat berserker comes into view. It is wielding a +9 battleaxe.
A bag of meat comes into view. It is wielding a +9 war axe.
You hear a shout! x2
The large bag of meat is engulfed in blazing flames.
The large bag of meat hits you with a +9 giant spiked club!!!!
Ouch! That really hurt!
You die...

..........
...........
......... #.......#
. . #.....o.# ...
..###.. .o§V###....
.......###Oo§......
........_§☼@O......
..#..§○§#.......
#_.<)_#.......
#..)..#...O..#
......_..........
......###........o
..###.. ...###...o
. #.. ...# .o.O #..
...#


You could see a destroyer, 2 large bags of meat, 2 meat berserkers and 6 bags of
meat.

Vanquished Creatures
  A vampire knight (D)
  4 ogres (D)
  2 two-headed ogres (D)
  15 orcs (D)
22 creatures vanquished.

Notes
Turn   | Place    | Note
-------+----------+-------------------------------------------
     0 | D        | Found the +∞ Axe of Woe
     0 | D        | BigDaddyOpFi the Djinni Warper began the quest for the Orb.
     0 | D        | BigDaddyOpFi set off with the following spells memorised:
                  | Blink, Lesser Beckoning, Vhi's Electric Charge, Teleport
                  | Other, Manifold Assault.
     0 | D        | Reached XP level 1. HP: 18/18 MP: 0/0
     2 | D        | Noticed a bag of meat
     2 | D        | Noticed a bag of meat
     3 | D        | Noticed a bag of meat
     4 | D        | Became a worshipper of Makhleb the Destroyer
     5 | D        | Noticed a bag of meat
     7 | D        | Noticed a bag of meat
     8 | D        | Noticed a bag of meat
     9 | D        | Killed a bag of meat
     9 | D        | Killed a bag of meat
     9 | D        | Reached * piety under Makhleb
    10 | D        | Reached skill level 10 in Fighting
    10 | D        | Reached skill level 10 in Armour
    10 | D        | Reached skill level 11 in Dodging
    10 | D        | Reached skill level 10 in Unarmed Combat
    10 | D        | Reached skill level 10 in Invocations
    10 | D        | Reached XP level 2. HP: 36/36 MP: 0/0
    10 | D        | Reached XP level 3. HP: 41/41 MP: 0/0
    10 | D        | Learned a level 1 spell: Kiss of Death
    10 | D        | Reached XP level 4. HP: 47/47 MP: 0/0
    10 | D        | Reached XP level 5. HP: 52/52 MP: 0/0
    10 | D        | Learned a level 2 spell: Passwall
    10 | D        | Reached XP level 6. HP: 58/58 MP: 0/0
    10 | D        | Reached XP level 7. HP: 64/64 MP: 0/0
    10 | D        | Learned a level 3 spell: Inner Flame
    10 | D        | Reached XP level 8. HP: 69/69 MP: 0/0
    10 | D        | Reached XP level 9. HP: 75/75 MP: 0/0
    10 | D        | Learned a level 4 spell: Passage of Golubria
    10 | D        | Reached XP level 10. HP: 81/81 MP: 0/0
    10 | D        | Reached XP level 11. HP: 86/86 MP: 0/0
    10 | D        | Learned a level 4 spell: Iskenderun's Mystic Blast
    10 | D        | Reached XP level 12. HP: 92/92 MP: 0/0
    11 | D        | Killed a bag of meat
    11 | D        | Killed a bag of meat
    12 | D        | Reached skill level 10 in Axes
    12 | D        | Reached skill level 10 in Throwing
    12 | D        | Reached skill level 13 in Dodging
    12 | D        | Reached XP level 13. HP: 101/101 MP: 0/0
    12 | D        | Learned a level 5 spell: Metabolic Englaciation
    12 | D        | Killed a bag of meat
    12 | D        | Reached ** piety under Makhleb
    13 | D        | Reached skill level 10 in Spellcasting
    13 | D        | Reached XP level 14. HP: 85/108 MP: 0/0
    13 | D        | Killed a bag of meat
    13 | D        | Noticed a bag of meat
    13 | D        | Noticed a bag of meat
    14 | D        | Reached skill level 14 in Dodging
    14 | D        | Noticed a meat berserker
    15 | D        | Noticed a bag of meat
    16 | D        | Noticed a bag of meat
    16 | D        | Noticed a bag of meat
    16 | D        | Noticed a bag of meat
    17 | D        | Noticed a meat berserker
    17 | D        | Noticed a meat berserker
    17 | D        | Killed a meat berserker
    17 | D        | Noticed a meat berserker
    17 | D        | Noticed a bag of meat
    17 | D        | Noticed a bag of meat
    17 | D        | Noticed a bag of meat
    18 | D        | Reached skill level 15 in Dodging
    18 | D        | Reached XP level 15. HP: 117/117 MP: 0/0
    18 | D        | Learned a level 6 spell: Conjure Ball Lightning
    18 | D        | Noticed a large bag of meat
    18 | D        | Noticed a large bag of meat
    19 | D        | Killed a meat berserker
    19 | D        | Reached *** piety under Makhleb
    20 | D        | Reached skill level 15 in Fighting
    20 | D        | Reached skill level 15 in Armour
    20 | D        | Reached skill level 16 in Dodging
    20 | D        | Reached skill level 15 in Unarmed Combat
    20 | D        | Reached skill level 15 in Invocations
    20 | D        | Killed a meat berserker
    20 | D        | Killed a large bag of meat
    20 | D        | Reached **** piety under Makhleb
    21 | D        | Reached skill level 18 in Dodging
    21 | D        | Reached skill level 15 in Stealth
    21 | D        | Reached XP level 16. HP: 95/130 MP: 0/0
    21 | D        | Noticed a large bag of meat
    21 | D        | Killed a meat berserker
    21 | D        | Noticed a large bag of meat
    22 | D        | Reached skill level 15 in Axes
    22 | D        | Reached skill level 15 in Throwing
    22 | D        | Reached skill level 19 in Dodging
    22 | D        | Reached XP level 17. HP: 132/138 MP: 0/0
    22 | D        | Learned a level 7 spell: Dragon Form
    22 | D        | Noticed a destroyer
    22 | D        | Reached ***** piety under Makhleb
    22 | D        | Noticed a destroyer
    23 | D        | Reached skill level 20 in Dodging
    24 | D        | Reached skill level 15 in Spellcasting
    24 | D        | Reached XP level 18. HP: 143/148 MP: 0/0
    25 | D        | Killed a destroyer
    25 | D        | Killed a large bag of meat
    26 | D        | Reached skill level 22 in Dodging
    26 | D        | Reached XP level 19. HP: 142/157 MP: 0/0
    26 | D        | Learned a level 6 spell: Starburst
    26 | D        | Reached ****** piety under Makhleb
    26 | D        | Noticed a meat berserker
    27 | D        | Noticed a meat berserker
    27 | D        | Annihilated by a large bag of meat

Illustrated notes

Levels and vault maps discovered:
D:        meatsprint

Skill      XL: |  1  2  3  4  5  6  7  8  9 10 11 12 13 14 15 16 17 18 19 |
---------------+----------------------------------------------------------+-----
Fighting       | 10 12 14 16 17 19 20 21 | 21.1
Axes           | 8 10 12 14 15 16 17 | 17.9
Throwing       | 8 10 12 14 15 16 17 | 17.9
Armour         | 10 12 14 16 17 19 20 21 | 21.0
Dodging        | 11 13 15 18 19 20 22 | 22.8
Stealth        | 9 11 13 15 16 17 19 | 19.4
Unarmed Combat | 10 12 14 16 17 19 20 21 | 21.1
Spellcasting   | 8 9 10 11 13 14 15 16 | 16.8
Invocations    | 10 12 14 16 17 19 20 21 | 21.0

Action                     |  1- 3 |  4- 6 |  7- 9 | 10-12 | 13-15 | 16-18 | 19-21 || total
---------------------------+-------+-------+-------+-------+-------+-------+-------++-------
  Melee: Executioner's axe |     1 |       |       |     1 |     5 |     4 |     1 ||    12
   Cast: Vhi's Electric Ch |       |       |       |       |     1 |       |       ||     1
  Dodge: Dodged            |       |       |       |       |     1 |       |       ||     1

Table legend: (Time is in decaauts)
 A = Elapsed time spent in this place.
 B = Non-inter-level travel time spent in this place.
 C = Inter-level travel time spent in this place.
 D = Time resting spent in this place.
 E = Time spent auto-exploring this place.
 F = Levels seen in this place.
 G = Mean time per level.
                   A        B        C        D        E       F      G
               +--------+--------+--------+--------+--------+-----+--------+
         Total |     30 |     30 |      0 |      0 |      0 |   1 |   30.0 |
       Dungeon |     30 |     30 |      0 |      0 |      0 |   1 |   30.0 |
               +--------+--------+--------+--------+--------+-----+--------+

Top non-repeatable levels by time:
       D: 30 daAuts
